 Dungeon Crawl Stone Soup version 0.31.0-12-g77e489cdc1 (webtiles) character file.

Game seed: 18092090697657349638

68 PaiMei the Digger (level 4, -2/24 HPs)
             Began as a Gargoyle Earth Elementalist on Feb 20, 2024.
             Slain by a goblin
             ... wielding a +0 club
             ... led by Robin
              (6 damage)
             ... on level 2 of the Dungeon.
             The game lasted 00:03:03 (1555 turns).

PaiMei the Digger (Gargoyle Earth Elementalist)     Turns: 1555, Time: 00:03:04

Health: -2/24      AC:  5    Str: 11    XL:     4   Next: 19%
Magic:  13/16      EV: 12    Int: 18    God:
Gold:   146        SH:  0    Dex: 10    Spells: 3/7 levels left

rFire   . . .        c - +0 short sword
rCold   . . .        (no shield)
rNeg    + . .        a - +0 robe
rPois   ∞            (no helmet)
rElec   +            (no cloak)
rCorr   .            (no gloves)
SInv    .            (no boots)
Will    .....        (no amulet)
Stlth   ++           k - ring of magical power
HPRegen 0.24/turn    (no ring)
MPRegen 0.15/turn

%: no passive effects
@: no status effects
A: sickness immunity, AC +3, negative energy resistance 1, electricity
resistance, torment resistance 1, petrification resistance
a: no special abilities


You were on level 2 of the Dungeon.
You visited 1 branch of the dungeon, and saw 2 of its levels.

You collected 146 gold pieces.

Inventory:

Hand Weapons
 c - a +0 short sword (weapon)
Missiles
 i - 2 poisoned darts (quivered)
Armour
 a - a +0 robe (worn)
 f - quicksilver dragon scales
Jewellery
 k - a ring of magical power (left hand)
Scrolls
 g - a scroll of poison {unknown}
 h - a scroll of immolation {unknown}
 j - a scroll of identify {unknown}
Potions
 b - a potion of magic
 d - a potion of invisibility {unknown}
 e - a potion of ambrosia {unknown}


   Skills:
 + Level 2.1 Dodging
 + Level 3.0 Stealth
 + Level 2.4 Spellcasting
 + Level 2.0 Conjurations
 + Level 4.1 Earth Magic


You had 3 spell levels left.
You knew the following spells:

 Your Spells              Type           Power      Damage    Failure   Level
a - Sandblast             Erth           34%        2d9       3%          1
b - Passwall              Erth           17%        N/A       10%         3

Your spell library contained the following spells:

 Spells                   Type           Power      Damage    Failure   Level
 Stone Arrow              Conj/Erth      26%        3d8       14%         3
 Hailstorm                Conj/Ice       5%         3d5       34%         3
 Summon Ice Beast         Ice/Summ       2%         N/A       45%         3
 Brom's Barrelling Bould  Conj/Erth      13%        2d4       43%         4
 Petrify                  Alch/Erth      9%         N/A       58%         4
 Sculpt Simulacrum        Ice/Alch       1%         N/A       100%        6


Dungeon Overview and Level Annotations

Branches:
Dungeon (2/15)

Altars:


Innate Abilities, Weirdness & Mutations

You are immune to sickness and miasma.
Your stone body is resilient. (AC +3)
You are immune to poison.
You resist negative energy. (rN+)
You are resistant to electric shocks. (rElec)
You are resistant to unholy torment.
You are immune to petrification.


Message History

Confirm with . or Enter, or press ? or * to list all spells.
Aiming: Sandblast (safe; 3% risk of failure)
Press: ? - help, Shift-Dir - straight line, f/p - Robin
Aim: Robin, wielding a +0 spear, wearing a +0 animal skin and wearing a +2 helmet of see invisible (severely wounded, 87% to hit)
The blast of sand misses Robin.
The blast of sand hits the goblin!
You kill the goblin!
Robin barely misses you. The goblin barely misses you.
You have reached level 4!
You feel clever. The goblin attacks as it pursues you!
The goblin hits you with a +0 club.
* * * LOW HITPOINT WARNING * * *
The goblin no longer looks unusually strong.
The goblin attacks as it pursues you! The goblin hits you but does no damage.
The hobgoblin no longer looks unusually strong.
The goblin attacks as it pursues you! The goblin hits you with a +0 club.
* * * LOW HITPOINT WARNING * * *
Robin roars a battlecry!
The goblin goes into a battle-frenzy!
The goblin attacks as it pursues you! The goblin hits you with a +0 club.
* * * LOW HITPOINT WARNING * * *
The goblin attacks as it pursues you! The goblin barely misses you.
Casting: Sandblast (safe; 3% risk of failure)
Confirm with . or Enter, or press ? or * to list all spells.
Aiming: Sandblast (safe; 3% risk of failure)
Press: ? - help, Shift-Dir - straight line, f/p - Robin
Aim: Robin, wielding a +0 spear, wearing a +0 animal skin and wearing a +2 helmet of see invisible (severely wounded, 87% to hit)
The blast of sand misses the goblin.
The blast of sand hits Robin!
You kill Robin!
The goblin barely misses you.
Your Conjurations skill increases to level 2!
You barely miss the goblin. The goblin hits you with a +0 club.
* * * LOW HITPOINT WARNING * * *
Casting: Sandblast (safe; 3% risk of failure)
Confirm with . or Enter, or press ? or * to list all spells.
Aiming: Sandblast (safe; 3% risk of failure)
Press: ? - help, Shift-Dir - straight line, f - goblin
Aim: a goblin, wielding a +0 club (strong, 77% to hit)
The blast of sand misses the goblin.
The goblin hits you but does no damage. The goblin hits you with a +0 club.
You die...

##.####..##.#............# #
##.####..##.#.########.#.####.#
.......................)......#
#........##.#.########.#......#
........gg........# #.....#..#
#..##.#.g##.#.###.## #.#.###..###
...##....##.#.# .##.#...........
#$g##....##.#.###.##.#...###..###
............)g.g@......)...).....
?g.##....#..#.###.##..........###
.........#..#.###.#.............
................................
.........................###..###
...#.#........###.##.....###.....
.#.#..........)........##.....
.......................##..####
....>..........................


You could see a hobgoblin (strong) and a goblin (strong).

Vanquished Creatures
  Robin (D:2)
  2 ribbon worms (D:2)
  A dart slug (D:1)
  4 ball pythons (D:1)
  6 endoplasms
  6 goblins
  5 hobgoblins
  6 jackals (D:1)
  3 quokkas
  3 bats (D:1)
  3 frilled lizards
  2 kobolds (D:2)
  2 rats
44 creatures vanquished.

Notes
Turn   | Place    | Note
-------+----------+-------------------------------------------
     0 | D:1      | PaiMei the Gargoyle Earth Elementalist began the quest for
                  | the Orb.
     0 | D:1      | Reached XP level 1. HP: 10/10 MP: 3/3
   248 | D:1      | Reached XP level 2. HP: 15/15 MP: 5/5
   626 | D:1      | Reached XP level 3. HP: 17/19 MP: 6/6
   630 | D:1      | Learned a level 3 spell: Passwall
  1117 | D:1      | Reached skill level 4 in Earth Magic
  1530 | D:2      | Noticed Robin
  1538 | D:2      | Reached XP level 4. HP: 12/24 MP: 7/7
  1553 | D:2      | Killed Robin
  1555 | D:2      | Slain by a goblin

Illustrated notes

Levels and vault maps discovered:
D:1:      dpeg_arrival_round_c, layout_basic
D:2:      layout_basic, hellmonk_ecumenical_altar_zigzags, uniq_robin,
          uniq_terence

Skill      XL: |  1  2  3  4 |
---------------+-------------+-----
Earth Magic    | 4 |  4.1
Dodging        | 2 |  2.1
Stealth        | 3 |  3.0
Conjurations   | 2 |  2.0
Spellcasting   | |  2.4

Action                     |  1- 3 |  4- 6 || total
---------------------------+-------+-------++-------
  Melee: Short sword       |   257 |     1 ||   258
   Cast: Sandblast         |     6 |     2 ||     8
   Stab: Sleeping          |     1 |       ||     1
 Armour: Robe              |   149 |     7 ||   156
  Dodge: Dodged            |   188 |     2 ||   190
